 Dungeon Crawl Stone Soup version 0.20-a0-1122-gb7cbeb9 (webtiles) character file.

85 Kikal the Chopper (level 4, -1/52 HPs)
             Began as a Human Berserker on May 13, 2017.
             Was a Believer of Trog.
             Killed by nerve-wracking pain
             ... invoked by Menkaure
              (3 damage)
             ... on level 4 of the Dungeon.
             The game lasted 00:12:26 (2764 turns).

Kikal the Chopper (Human Berserker)                 Turns: 2764, Time: 00:12:26

Health: -1/52      AC:  7    Str: 23    XL:     4   Next: 75%
Magic:  4/4        EV: 11    Int:  8    God:    Trog [**....]
Gold:   74         SH:  0    Dex: 12    Spells: 3/3 levels left

rFire    . . .     SeeInvis .   a - +0 hand axe
rCold    + . .     Gourm    .   (no shield)
rNeg     . . .     Faith    .   h - +0 ring mail
rPois    .         Spirit   .   r - +0 helmet
rElec    .         Reflect  .   (no cloak)
rCorr    .         Harm     .   t - +0 pair of gloves
MR       .....                  (no boots)
Stlth    ..........             (no amulet)
Regen    0.2/turn               m - ring of protection from cold
MPRegen  0.1/turn               (no ring)

@: berserking, very quick
A: no striking features
a: Berserk, Trog's Hand, Burn Spellbooks, Renounce Religion


You were on level 4 of the Dungeon.
You worshipped Trog.
Trog was pleased with you.
You were very hungry.

You visited 1 branch of the dungeon, and saw 3 of its levels.

You collected 74 gold pieces.

Inventory:

Hand Weapons
 a - a +0 hand axe (weapon)
Missiles
 e - 71 stones (quivered)
 k - 7 javelins
Armour
 b - a +0 animal skin
 h - a +0 ring mail (worn)
 o - a +7 plate armour of ponderousness
 r - a +0 helmet (worn)
 t - a +0 pair of gloves (worn)
Jewellery
 m - a ring of protection from cold (left hand)
 w - an uncursed amulet of magic regeneration {unknown}
Scrolls
 l - a scroll of magic mapping {unknown}
 n - 2 scrolls of teleportation {unknown}
 p - a scroll of immolation {unknown}
 s - 2 scrolls of identify {unknown}
 v - 2 scrolls of remove curse {unknown}
Potions
 d - 2 potions of cancellation {unknown}
 f - 3 potions of brilliance {unknown}
 g - 3 potions of heal wounds {unknown}
 j - a potion of agility {unknown}
 q - 2 potions of resistance {unknown}
Comestibles
 c - 3 bread rations
 i - a royal jelly
 u - a chunk of flesh


   Skills:
 - Level 3.3 Fighting
 * Level 4.5 Axes
 + Level 2.5 Armour
 - Level 2.0 Dodging


You had 3 spell levels left.
You didn't know any spells.

Dungeon Overview and Level Annotations

Branches:
Dungeon (2/15)

Altars:
Dithmenos
Gozag
Qazlal
Xom

Annotations:
D:4 Menkaure


Message History

You barely miss Menkaure.
Menkaure is heavily damaged.
You barely miss Menkaure.
Menkaure is heavily damaged.
Menkaure calls on the powers of darkness!
Your body is wracked with pain!
* * * LOW HITPOINT WARNING * * *
You take 7 damage, and have 9/52 hp.
You slash Menkaure!
Menkaure is almost destroyed.
You barely miss Menkaure.
Menkaure is almost destroyed.
Menkaure hits you!
* * * LOW HITPOINT WARNING * * *
You take 7 damage, and have 2/52 hp.
You barely miss Menkaure.
Menkaure is almost destroyed.
Menkaure gestures at you while chanting.
Pain shoots through your body!
You die...

.#.#..... ####
#.#..(... .....
.##......#......
.........#......
...............
#......#......
#.....M......
#...@# #....#
#.#...# ..#.#..#
. ..##..# ....
.#.# .... ....#
##. .##... ...#
###


You could see Menkaure.

Vanquished Creatures
  3 adders (D:2)
  2 worms (D:2)
  2 dart slugs
  2 leopard geckos
  A ball python (D:2)
  4 goblins
  10 hobgoblins
  7 kobolds
  7 bats
  A frilled lizard (D:2)
  8 rats
47 creatures vanquished.

Notes
Turn   | Place    | Note
-------+----------+-------------------------------------------
     0 | D:1      | Kikal the Human Berserker began the quest for the Orb.
     0 | D:1      | Reached XP level 1. HP: 18/18 MP: 1/1
   311 | D:1      | Reached XP level 2. HP: 24/24 MP: 2/2
  1173 | D:1      | Reached XP level 3. HP: 29/29 MP: 3/3
  1464 | D:2      | Reached skill level 4 in Axes
  1753 | D:2      | Found a stormy altar of Qazlal.
  1846 | D:2      | Found an opulent altar of Gozag.
  1870 | D:2      | Reached ** piety under Trog
  1870 | D:2      | Reached XP level 4. HP: 18/35 MP: 4/4
  2367 | D:2      | Found a shadowy altar of Dithmenos.
  2374 | D:2      | Found a shimmering altar of Xom.
  2751 | D:2      | You fall through a shaft for 2 floors!
  2753 | D:4      | Noticed Menkaure
  2763 | D:4      | HP: 2/52 [Menkaure (7)]
  2764 | D:4      | Killed from afar by Menkaure

Vault maps used:
D:1:      dpeg_arrival_rooms_b
D:2:      old_standard_altar, grunt_temple_overflow_open,
          lemuel_coloured_pillars_altar, first_bread
D:4:      old_standard_altar, makhleb_heckhound_becter,
          minmay_misc_feat_secret_circle, uniq_menkaure, uniq_natasha

Skill      XL: |  1  2  3 |
---------------+----------+-----
Axes           | 4 |  4.5
Fighting       | |  3.3
Armour         | |  2.5
Dodging        | |  2.0

Action                   |  1- 3 |  4- 6 || total
-------------------------+-------+-------++-------
Melee: Hand axe          |    95 |    61 ||   156
Invok: Berserk           |     2 |     2 ||     4
  Eat: Chunk             |     3 |     6 ||     9
Armor: Animal skin       |    20 |       ||    20
       Ring mail         |    13 |    29 ||    42
Dodge: Dodged            |    66 |    38 ||   104
